 Dungeon Crawl Stone Soup version bcrawl-1.27.6 (webtiles) character file.

Game seed: 15051500631725928969

115239 Faustar the Skirmisher (level 5, -9/46 HPs)
             Began as a Sand Dwarf Earth Elementalist on Sept 15, 2020.
             Killed by divine providence
             ... invoked by an orc priest
              (11 damage)
             ... on level 3 of the Dungeon.
             The game lasted 00:08:57 (2774 turns).

Faustar the Skirmisher (SDEE)                       Turns: 2774, Time: 00:08:58

Health: -9/46      AC:  5    Str: 13    XL:     5   Next: 1%
Magic:  0/8        EV: 13    Int: 16    God:
Gold:   164        SH:  0    Dex: 11    Spells: 4/8 levels left

rFire    . . .     SeeInvis .   d - +0 dagger
rCold    . . .     Gourm    .   (shield restricted)
rNeg     . . .     Faith    .   a - +0 ring mail
rPois    .         Spirit   .   (no helmet)
rElec    .         Reflect  .   (no cloak)
rCorr    .         Harm     .   (no gloves)
MR       .....                  (no boots)
Stlth    +.........             (no amulet)
HPRegen  0.15/turn              (no ring)
MPRegen  0.11/turn              (no ring)

@: slow
A: small, slowness 1, armour attunement
a: no special abilities


You were on level 3 of the Dungeon.
You were hungry.

You visited 1 branch of the dungeon, and saw 3 of its levels.

You collected 164 gold pieces.

Inventory:

Hand Weapons
 d - a +0 dagger (weapon)
Missiles
 b - 100 stones (quivered)
Armour
 a - a +0 ring mail (worn)
 j - a +0 plate armour
Scrolls
 g - a scroll of fog
 i - 3 scrolls of identify
 p - a scroll of immolation {unknown}
 q - a scroll of blinking {unknown}
Potions
 f - 2 potions of heal wounds {unknown}
 k - a potion of haste {unknown}
 l - a potion of resistance {unknown}
 n - a potion of flight {unknown}
Comestibles
 c - a chunk of flesh
 e - 6 rations {!d}


   Skills:
 + Level 4.2 Fighting
 + Level 2.9 Armour
 - Level 1.5 Dodging
 - Level 1.5 Stealth
 - Level 2.0 Spellcasting
   Level 0.7 Transmutations
 - Level 3.6 Earth Magic


You had 4 spell levels left.
You knew the following spells:

 Your Spells              Type           Power        Failure   Level  Hunger
a - Sandblast             Erth           ##....       4%          1    None
b - Stone Arrow           Conj/Erth      #.....       30%         3    ####...

Your spell library contained the following spells:

 Spells                   Type           Power        Failure   Level  Hunger
 Passwall                 Tmut/Erth      #.......     13%         2    ##.....
 Petrify                  Tmut/Erth      #.........   63%         4    ######.
 Lee's Rapid Deconstruct  Erth           ##........   78%         5    #######


Dungeon Overview and Level Annotations

Branches:
Dungeon (3/12)

Altars:
Zin


Innate Abilities, Weirdness & Mutations

You are small and have problems with some larger weapons.
You cover ground slowly.
Armour does not affect your spellcasting.


Message History

The orc priest is heavily wounded.
You barely miss the orc priest.
The orc priest is heavily wounded.
The orc priest calls down the wrath of Beogh upon you.
Beogh smites you!
* * * LOW HITPOINT WARNING * * *
You hit the orc priest but do no damage.
The orc priest is heavily wounded.
The orc priest hits you but does no damage.
Casting: Sandblast (safe; 4% risk of failure)
Confirm with . or Enter, or press ? or * to list all spells.
Aiming: Sandblast (safe; 4% risk of failure)
Press: ? - help, Shift-Dir - straight line, f/p - orc priest
Aim: an orc priest, wearing a +0 leather armour (heavily wounded)
The blast of sand hits the orc priest.
The orc priest is severely wounded.
b - 100 stones The orc priest mumbles some strange prayers to Beogh against you.
Beogh smites you!
You die...

########################
#....oo@................
#.######################
#. #. #o ### #[ .... #o
.### #o


You could see an orc priest and an orc.

Vanquished Creatures
  2 adders (D:2)
  An ooze (D:1)
  3 worms
  6 leopard geckos
  5 orcs
  3 giant cockroaches
  10 goblins
  7 hobgoblins
  4 jackals
  9 kobolds
  4 quokkas
  7 bats
  4 frilled lizards
  6 rats
71 creatures vanquished.

Notes
Turn   | Place    | Note
-------+----------+-------------------------------------------
     0 | D:1      | Faustar the Sand Dwarf Earth Elementalist began the quest
                  | for the Orb.
     0 | D:1      | Reached XP level 1. HP: 14/14 MP: 3/3
    83 | D:1      | Reached skill level 1 in Fighting
   158 | D:1      | Reached XP level 2. HP: 24/24 MP: 0/5
   202 | D:1      | Reached skill level 2 in Fighting
   636 | D:1      | Reached skill level 3 in Fighting
   636 | D:1      | Reached XP level 3. HP: 31/31 MP: 4/6
   641 | D:1      | Learned a level 3 spell: Stone Arrow
   724 | D:1      | Reached skill level 1 in Armour
  1701 | D:2      | Reached XP level 4. HP: 38/38 MP: 7/7
  1915 | D:2      | Found a glowing silver altar of Zin.
  1975 | D:2      | Reached skill level 4 in Fighting
  2754 | D:3      | Reached XP level 5. HP: 46/46 MP: 3/8
  2771 | D:3      | HP: 2/46 [orc priest/divine providence (12)]
  2774 | D:3      | Killed from afar by an orc priest

Skill      XL: |  1  2  3  4 |
---------------+-------------+-----
Fighting       | 1 3 4 |  4.2
Armour         | 1 2 |  2.9
Dodging        | |  1.5
Stealth        | |  1.5
Spellcasting   | |  2.0
Transmutations | |  0.7
Earth Magic    | |  3.6

Action                   |  1- 3 |  4- 6 || total
-------------------------+-------+-------++-------
Melee: Unarmed           |    18 |       ||    18
       Dagger            |    82 |   104 ||   186
       Mace              |    25 |    60 ||    85
 Cast: Sandblast         |    41 |    22 ||    63
       Stone Arrow       |       |     6 ||     6
  Use: Scroll            |     1 |     2 ||     3
  Eat: Chunk             |     7 |    11 ||    18
Armor: Robe              |     5 |       ||     5
       Ring mail         |    41 |    40 ||    81
Dodge: Dodged            |   135 |   123 ||   258
